Map: Lerilak Crest

Players

Javert

  • Race: Zerg Zerg
  • League: Gold

Mazer - Winner!

  • Race: Terran Terran
  • League: Grandmaster

VOD

Have the link to the VOD?

Description

Time

  • Played on: Sept. 2, 2015, 9:46 p.m.
  • Length: 8:44
Show
View Real Time Build Order
Export as new Build Order

Javert Zerg 

Build Orders: Hatch First 

Get SALT Encoding   

  12  0:01  Drone  
  13  0:13  Overlord  
  13  0:19  Drone  
  14  0:32  Drone x2  
  16  0:36  Drone  
  17  0:55  Hatchery  
  17  0:56  Drone  
  17  0:58  Extractor  
  17  1:01  Drone  
  17  1:09  Drone  
  18  1:21  Spawning Pool  
  18  1:22  Drone  
  18  1:29  Drone  
  19  1:40  Drone  
  20  1:51  Drone  
  21  2:02  Overlord  
  21  2:08  Queen x2  
  21  2:09  Metabolic Boost  
  21  2:11  Zergling x2  
  21  2:14  Zergling x2  
  27  2:19  Overlord  
  27  2:27  Drone  
  28  2:35  Drone x2  
  30  2:49  Queen  
  30  2:51  Drone x3  
  35  3:06  Hatchery  
  35  3:12  Drone  
  34  3:24  Queen  
  35  3:30  Drone x3  
  35  3:31  Drone x4  
  42  3:40  Overlord x2  
  42  3:43  Lair  
  42  3:50  Overlord  
  42  3:54  Overlord  
  42  3:56  Zergling x4  
  42  3:59  Zergling x4  
  46  4:12  Zergling x6  
  46  4:16  Extractor  
  48  4:18  Baneling Nest  
  46  4:29  Zergling x2  
  46  4:30  Zergling x6  
  50  4:33  Drone x3  
  50  4:34  Drone  
  54  4:43  Spore Crawler  
  45  5:06  Zergling x6  
  45  5:07  Zergling x8  
  50  5:13  Hatchery  
  51  5:15  Drone x5, Extractor  
  51  5:16  Extractor  
  54  5:24  Drone x5  
  56  5:55  Drone  
  56  5:56  Drone x9  
  66  6:00  Extractor  
  66  6:01  Extractor  
  66  6:03  Drone x3, Spore Crawler  
  66  6:07  Spire, Queen x2  
  69  6:16  Burrow  
  69  6:20  Overseer  
  69  6:32  Overlord x2  
  69  6:34  Queen  
  71  6:44  Centrifical Hooks  
  71  6:46  Overlord x3  
  71  6:52  Overlord x2  
  71  7:04  Spine Crawler, Zergling x2  
  71  7:05  Zergling x28  
  85  7:12  Zergling x4  
  85  7:20  Baneling  
  85  7:21  Baneling x6  
  85  7:23  Overlord x2  
  85  7:29  Baneling x8  
  85  7:30  Baneling x4  
  85  7:32  Zergling x2  
  70  7:55  Zergling x2  
  70  7:56  Zergling x26  
  78  8:11  Spine Crawler  
  78  8:12  Spine Crawler, Baneling x2  
  77  8:16  Baneling x3  
  77  8:17  Baneling x7  
Show
View Real Time Build Order
Export as new Build Order

Mazer Terran - Winner!

Build Orders: Hellion Opening, MMM Bio 

Get SALT Encoding   

  12  0:00  SCV  
  13  0:13  SCV  
  14  0:17  Supply Depot  
  14  0:25  SCV  
  15  0:39  SCV  
  15  0:40  Barracks  
  16  0:44  Refinery  
  16  0:51  SCV  
  17  1:03  SCV  
  18  1:15  SCV  
  19  1:27  SCV  
  20  1:33  Command Center  
  20  1:39  SCV, Marine  
  22  1:56  Marine  
  22  2:01  Orbital Command  
  23  2:08  Supply Depot  
  23  2:16  Factory  
  23  2:20  Barracks Reactor  
  23  2:30  SCV  
  24  2:45  SCV  
  24  2:48  SCV  
  26  2:57  SCV  
  27  3:00  SCV  
  28  3:08  Hellion x2  
  28  3:09  SCV  
  28  3:10  Barracks Tech Lab  
  28  3:12  Supply Depot, SCV  
  34  3:22  SCV  
  34  3:25  SCV  
  36  3:30  Hellion  
  36  3:31  Hellion  
  36  3:34  SCV  
  40  3:37  SCV, Supply Depot  
  40  3:38  Stimpack  
  40  3:40  Marauder  
  43  3:46  SCV  
  44  3:49  SCV  
  44  3:53  Hellion  
  44  3:55  Hellion  
  49  3:58  SCV  
  49  4:01  SCV, Supply Depot  
  51  4:10  SCV  
  51  4:13  SCV  
  53  4:26  Barracks  
  53  4:28  SCV x2  
  53  4:30  Barracks  
  55  4:32  Factory Reactor  
  55  4:38  Marauder  
  57  4:40  SCV x2  
  57  4:41  Supply Depot  
  57  4:45  Refinery x2  
  59  4:46  Refinery  
  59  4:49  Engineering Bay  
  59  4:51  Engineering Bay  
  57  5:00  SCV x2  
  59  5:12  SCV x2  
  61  5:20  Marauder, Starport, Marine x2  
  65  5:24  SCV, Factory Reactor  
  65  5:25  SCV  
  67  5:29  Terran Infantry Weapons Level 1, Terran Infantry Armor Level 1  
  67  5:36  SCV  
  67  5:37  SCV  
  67  5:41  Marauder  
  69  5:48  Marine  
  69  5:49  SCV x2, Marine  
  71  6:01  SCV x2  
  71  6:03  Marauder  
  75  6:07  Factory Reactor  
  75  6:09  Marine x2  
  75  6:10  Marine  
  78  6:12  Command Center, Combat Shields  
  78  6:20  Armory  
  78  6:24  Marine  
  79  6:26  Supply Depot  
  79  6:27  Supply Depot  
  79  6:28  SCV x2  
  79  6:29  Marine  
  79  6:30  Marine  
  79  6:32  Marine  
  84  6:33  Marine  
  85  6:40  SCV  
  86  6:47  SCV, Medivac, Marine  
  86  6:49  Supply Depot  
  86  6:50  Supply Depot  
  86  6:51  Medivac  
  92  7:01  SCV x2, Bunker  
  94  7:11  Marauder, Marine x3  
  94  7:12  Marine  
  94  7:13  SCV  
  94  7:14  SCV, Widow Mine x2  
  106  7:36  Medivac x2  
  110  7:37  SCV  
  110  7:38  SCV  
  96  7:58  Marine  
  96  7:59  Marauder, Marine x3  
  96  8:00  SCV x2  
  104  8:12  SCV x2  
Tags
 
Add a new tag
Caveats
  • Supply blocks, unpowered buildings, or Contaminate may cause inaccurate times.
  • Supply counts are checked every 10 seconds.